 Dungeon Crawl Stone Soup version 0.21.1-1-g345015f (webtiles) character file.

706713 equalderp2856 the Axe Maniac (level 27, -6/273 HPs)
             Began as a Minotaur Fighter on Apr 23, 2018.
             Splashed by a yellow draconian's acid (15 damage)
             ... on level 5 of the Realm of Zot on Apr 27, 2018.
             The game lasted 05:21:58 (112946 turns).

equalderp2856 the Axe Maniac (Minotaur Fighter)   Turns: 112946, Time: 05:21:59

Health: -6/273     AC: 46    Str: 30    XL:     27
Magic:  44/44      EV: 13    Int: 12    God:
Gold:   6610       SH: 25    Dex: 11    Spells: 35/53 levels left

rFire    + . .     SeeInvis .   X - +9 broad axe (flame)
rCold    + . .     Gourm    .   B - +2 shield
rNeg     + + .     Faith    .   x - +10 plate armour of the Armoured One {MP+9 Slay+2}
rPois    .         Spirit   .   (helmet unavailable)
rElec    +         Reflect  .   Z - +2 cloak {MR+}
rCorr    .         Harm     .   Q - +2 pair of gloves {Dex+3}
MR       +++..                  n - +2 pair of boots
Stlth    ..........             u - amulet of rage
HPRegen  0.95/turn              U - ring of Ashenzari's Wrath {rF+ rN++ Str+3 Dex-5 Stlth+}
MPRegen  0.29/turn              t - +5 ring of strength

@: about to teleport, hasted, very quick
A: retaliatory headbutt, claws 1, horns 3, talons 1, icy blue scales 1, large
bone plates 1, blurry vision 1, clumsy 1, cold resistance 1, low mp 1,
regeneration 1, electricity resistance
}: 3/15 runes: barnacled, silver, gossamer
a: Evoke Berserk Rage


You were on level 5 of the Realm of Zot.
You were not hungry.

You visited 10 branches of the dungeon, and saw 52 of its levels.
You visited the Abyss 3 times.
You also visited: Labyrinth and Ossuary.

You collected 6963 gold pieces.
You spent 353 gold pieces at shops.

Inventory:

Hand Weapons
 e - a +2 vampiric executioner's axe
 X - a +9 broad axe of flaming (weapon)
Armour
 n - a +2 pair of boots (worn)
 x - the +10 plate armour of the Armoured One (worn) {MP+9 Slay+2}
   (You took it off a minotaur in a labyrinth)

   It affects your accuracy and damage with ranged weapons and melee attacks
   (+2).
   It affects your magic capacity (+9).
 B - a +2 shield (worn)
 Q - a +2 pair of gloves of dexterity (worn)
 Z - a +2 cloak of magic resistance (worn)
Jewellery
 c - an uncursed ring of wizardry
 j - an uncursed ring of positive energy
 t - a +5 ring of strength (right hand)
 u - an amulet of rage (around neck)
 y - an uncursed ring of see invisible
 z - the ring of Happiness {rElec MP+9 Str+5 Int+6}
   (You took it off a deep elf death mage on level 3 of the Elven Halls)

   [ring of magical power]

   It affects your strength (+5).
   It affects your intelligence (+6).
   It insulates you from electricity.
   It affects your magic capacity (+9).
 C - a +1 ring of slaying {unknown}
 G - an uncursed ring of protection from magic
 H - a +6 ring of dexterity
 K - an uncursed ring of protection from magic
 U - the ring of Ashenzari's Wrath (left hand) {rF+ rN++ Str+3 Dex-5 Stlth+}
   (You found it on level 3 of the Elven Halls)

   [ring of protection from fire]

   It affects your strength (+3).
   It affects your dexterity (-5).
   It protects you from fire.
   It greatly protects you from negative energy.
   It makes you more stealthy.
Wands
 D - a wand of paralysis (24)
 E - a wand of flame (49)
 M - a wand of digging (29)
 N - a wand of iceblast (22)
 R - a wand of acid (9)
Scrolls
 g - 33 scrolls of remove curse
 h - 7 scrolls of teleportation
 r - 4 scrolls of blinking
 F - 2 scrolls of fear
 I - 5 scrolls of summoning
 L - 2 scrolls of holy word
 O - 11 scrolls of fog
 P - 12 scrolls of identify
 T - 12 scrolls of amnesia
 W - 5 scrolls of enchant armour
 Y - 7 scrolls of magic mapping
Potions
 a - 3 potions of agility
 d - 3 potions of might
 k - a potion of mutation
 l - 11 potions of berserk rage
 m - 3 potions of cancellation
 p - 4 potions of brilliance
 w - 13 potions of ambrosia
 A - 6 potions of invisibility
 J - 4 potions of haste
 S - 7 potions of magic
Miscellaneous
 b - a phial of floods
 i - a lightning rod (4/4)
 o - 3 boxes of beasts
 s - a lamp of fire
 V - 4 phantom mirrors
Comestibles
 f - 32 rations


   Skills:
 O Level 27 Fighting
 O Level 27 Axes
   Level 2.3(18.8) Polearms
 + Level 25.5 Armour
 + Level 9.7 Dodging
 - Level 3.0 Stealth
 O Level 27 Shields
 + Level 0.1 Unarmed Combat
 * Level 13.8 Spellcasting
 - Level 5.0 Translocations
 + Level 8.6 Evocations


You had 35 spell levels left.
You knew the following spells:

 Your Spells              Type           Power        Failure   Level  Hunger
a - Apportation           Tloc           ###...       3%          1    None
b - Blink                 Tloc           N/A          4%          2    None
c - Passwall              Tmut/Erth      #.........   36%         2    None
d - Swiftness             Chrm/Air       #.......     36%         2    None
e - Lesser Beckoning      Tloc           ###.......   9%          3    None
f - Force Lance           Conj/Tloc      ##......     65%         4    ###....
g - Passage of Golubria   Tloc           N/A          30%         4    ###....


Dungeon Overview and Level Annotations

Branches:
Dungeon (15/15)            Temple (0/1) D:5            Lair (6/6) D:8
 Shoals (4/4) Lair:3       Spider (4/4) Lair:3        Slime (0/5) Lair:6
    Orc (2/2) D:12            Elf (3/3) Orc:2        Vaults (5/5) D:13
  Crypt (3/3) Vaults:2       Tomb (0/3) Crypt:3      Depths (5/5) D:15
    Zot (5/5) Depths:5

Altars:
Ashenzari
Dithmenos
Hepliaklqana
Kikubaaqudgha
Nemelex Xobeh
Okawaru
Sif Muna
Trog
Wu Jian
Yredelemnul
Zin
Jiyva

Shops:
D:9 }   Orc:2 ?(![   Elf:1 [   Elf:2 !   Shoals:4 *   Vaults:2 *[   Vaults:3 (
Depths:2 }

Portals:
Hell: Depths:1 Depths:2 Depths:3 Depths:4 Depths:5
Abyss: Depths:1 Depths:4
Pandemonium: Depths:3 Depths:4
Ziggurat: Depths:2

Annotations:
D:7 1 transporter
Vaults:4 Boris
Depths:1 1 runed door


Innate Abilities, Weirdness & Mutations

You reflexively headbutt those who attack you in melee.
You have a pair of large horns on your head.
You have sharp fingernails.
You have sharp toenails.
You are partially covered in icy blue scales. (AC +2)
You are partially covered in large bone plates. (SH +4)
Scrolls take you a little longer to read.
You are clumsy. (Dex -2)
Your flesh is cold resistant. (rC+)
Your magical capacity is low. (-10% MP)
Your natural rate of healing is unusually fast.
You are resistant to electric shocks. (rElec)


Message History

The fireball explodes!
The fireball engulfs you! You resist.
* * * LOW HITPOINT WARNING * * *
The fireball engulfs the orb of fire.
The orb of fire completely resists.
You hear a shout! x2
You feel better. 2 Killer Klowns come into view.
You are no longer corroded.
The Killer Klown shouts! x2
The orb of fire glows bright magenta.
The bolt of fire hits you! You resist.
* * * LOW HITPOINT WARNING * * *
An Orb Guardian comes into view.
Found a throwing net.
Okay, then.
Really read with blurry vision while enemies are nearby?
The Killer Klown blinks!
You begin reading the scroll.
You continue reading the scroll.
The yellow draconian throws acid at you.
The glob of acid hits you!
You are splashed with acid!
The acid burns!
You die...

.......▓...............,,,,,,,**
.0...d..................,,,,,**
..).[..▓................,,,,,,**
......▓▓............p...,,,,,,,**
.....▓▓▓................,,,,,,,,*
▓▓▓▓▓▓ #................,,,,,,,,*
##...d..........(,,,,,,,**
##▓...§*.p...X..,,,,,,**
▓▓▓▓..@.......,,,,,**
#▓▓▓▓▓▓▓▓▓▓###.,,,,**
###..^.......,,,,,,,,,**
##....##......,,,,,,,,,,**
#######...###,,.....,,,,,,,,,,,**
.........##*,,,,dq..,,,,,,,,,,,,*
....))).## *,,,,,...,,,,,,,,,,,,*
......).# *,,,,,,..,,,,,,,,,,,,*
.......## *,,,,,,,q,,,,,,,,,,,,*


You could see an orb of fire, 2 Killer Klowns, a yellow draconian and an Orb
Guardian.

Vanquished Creatures
  10 orbs of fire
  4 ancient liches
  Mara (Depths:4)
  A caustic shrike (Depths:2)
  4 curse toes (Zot:5)
  8 golden dragons
  4 Killer Klowns (Zot:5)
  3 bone dragons
  3 electric golems
  Jorgrun (Elf:2)
  20 tentacled monstrosities
  5 liches
  19 Orb Guardians (Zot:5)
  7 deep elf blademasters
  The ghost of Kairos the Bludgeoner, an adept VSFi of Okawaru (Vaults:2)
  6 deep elf master archers
  9 quicksilver dragons
  2 titans (Vaults:5)
  2 ancient champions (Crypt:3)
  13 death cobs
  6 sphinxes
  An Executioner (Abyss:4)
  21 storm dragons
  9 tentacled starspawn
  6 tengu reavers
  A storm dragon (shapeshifter) (Vaults:5)
  13 shadow dragons
  3 revenants (Crypt:3)
  3 fire giants
  Ilsuiw (Shoals:3)
  6 draconian monks
  14 vault wardens
  8 frost giants
  2 balrugs
  10 draconian scorchers
  6 draconian knights
  9 deep elf sorcerers
  Aizul (Vaults:3)
  22 very ugly things
  2 ghouls (Crypt:1)
  7 emperor scorpions
  3 deep elf elementalists (Elf:3)
  2 orc warlords (Depths:4)
  A curse skull (Crypt:3)
  2 iron dragons
  5 draconian shifters
  7 ghost moths
  7 draconian annihilators
  3 war gargoyles (Vaults:5)
  7 draconian stormcallers
  22 ironheart preservers
  2 reapers
  7 entropy weavers
  18 stone giants
  6 vampire knights
  The ghost of salinator123 the Blocker, a journeyman MiBe of Trog (Lair:5)
  11 black draconians
  12 deep elf annihilators
  Nessos (D:12)
  10 green draconians
  12 red draconians
  8 deep elf demonologists
  The ghost of Mirai the Unseen, a journeyman KoEn of Okawaru (Lair:6)
  15 purple draconians
  12 yellow draconians
  4 merfolk javelineers
  11 spark wasps
  5 white draconians
  Azrael (Elf:2)
  The ghost of PipsiMox the Fencer, a journeyman MiFi of Wu Jian (D:14)
  11 ettins
  An ettin (shapeshifter) (Depths:5)
  13 deep elf death magi
  3 blizzard demons
  13 jiangshi
  9 merfolk impalers
  A minotaur (Lab)
  11 fire dragons
  13 yaktaur captains
  6 eidola
  Harold (Orc:1)
  7 deep elf high priests
  9 rakshasas
  38 vault guards
  7 ice dragons
  Fannar (Orc:1)
  13 great orbs of eyes
  5 hydras
  4 merfolk avatars
  4 alligator snapping turtles
  8 centaur warriors
  6 spriggan air magi
  An alligator snapping turtle (shapeshifter) (Depths:1)
  3 satyrs
  59 two-headed ogres
  An anaconda (Abyss:1)
  15 ogre magi
  A spectral stone giant (Crypt:3)
  5 catoblepae
  An alligator (shapeshifter) (Vaults:3)
  6 death knights
  14 deep troll earth magi
  Erica (D:10)
  10 deep troll shamans
  5 merfolk aquamancers
  3 death yaks (Lair:6)
  A spectral frost giant (Crypt:3)
  15 tengu warriors
  An alligator (Shoals:1)
  4 spriggan berserkers
  10 vampire magi
  29 dancing weapons
  9 thrashing horrors
  A shock serpent (shapeshifter) (Depths:2)
  A soul eater (Crypt:1)
  4 sun demons
  9 wretched stars
  27 deep elf knights
  5 iron trolls
  A titan skeleton (Crypt:1)
  35 skeletal warriors
  4 sixfirhies
  12 shadow wraiths
  35 deep trolls
  3 spatial maelstroms
  A salamander mystic (Depths:4)
  A deep troll (shapeshifter) (Depths:2)
  6 unseen horrors
  An infernal demonspawn (Depths:3)
  A sea snake (shapeshifter) (Depths:5)
  5 flayed ghosts
  11 sea snakes
  7 glowing orange brains
  12 ironbrand convokers
  3 wizards
  A spectral wolf spider (Crypt:3)
  2 lindwurms (Lair:6)
  24 deep elf archers
  A mana viper (Abyss:1)
  A wolf spider zombie (Abyss:1)
  10 orc knights
  A shadow dragon zombie (Crypt:2)
  A frost giant zombie (Depths:3)
  28 phantasmal warriors
  An orb spider (shapeshifter) (D:15)
  28 harpies
  A necromancer (Depths:3)
  18 orb spiders
  61 deep elf magi
  A mana viper (shapeshifter) (Vaults:1)
  An orc sorcerer (Vaults:2)
  71 ugly things
  2 salamanders (Depths:4)
  8 cyclopes
  21 wolf spiders
  A manticore (shapeshifter) (Vaults:1)
  A cyclops (shapeshifter) (Depths:4)
  14 fauns
  A faun (shapeshifter) (Vaults:3)
  3 oklob plants (Lair:5)
  Joseph (D:8)
  27 moths of wrath
  13 manticores
  Maurice (D:7)
  7 black mambas
  17 merfolk sirens
  7 elephants
  Psyche (D:8)
  2 centaur zombies
  2 orange demons (Abyss:1)
  5 water nymphs
  4 torpor snails
  9 smoke demons
  13 vault sentinels
  A shock serpent skeleton (Crypt:2)
  8 spiny frogs
  A rime drake (shapeshifter) (Vaults:1)
  5 rime drakes
  9 demonic crawlers
  A spriggan skeleton (Depths:3)
  4 gargoyles
  19 freezing wraiths
  57 yaktaurs
  A yellow draconian skeleton (Crypt:2)
  15 komodo dragons
  A red devil (Depths:4)
  2 efreet (Abyss:4)
  A hellion (Abyss:3)
  A grey draconian skeleton (Crypt:1)
  A queen bee (shapeshifter) (Vaults:3)
  8 ancient zymes
  4 ice devils
  2 jumping spiders (shapeshifter)
  A polar bear (Lair:2)
  22 merfolk
  31 jumping spiders
  2 merfolk (shapeshifter)
  2 meliai (shapeshifter)
  4 tengu conjurers
  A hellwing (Depths:4)
  3 meliai
  10 trolls
  A minotaur skeleton (Crypt:3)
  6 wind drakes
  A polar bear (shapeshifter) (Vaults:5)
  Prince Ribbit (D:6)
  6 hornets
  20 raiju
  2 tyrant leeches (Abyss:4)
  Grinder (D:4)
  6 snapping turtles
  A guardian serpent zombie (Crypt:1)
  2 hippogriffs (shapeshifter)
  A raiju (shapeshifter) (Vaults:5)
  A dream sheep (shapeshifter) (Elf:1)
  17 hippogriffs
  A fire dragon zombie (Abyss:1)
  11 blink frogs
  An ettin zombie (Abyss:4)
  11 dream sheep
  A fire giant simulacrum (Depths:3)
  29 slime creatures
  13 air elementals
  80 redbacks
  21 flying skulls
  A tarantella (shapeshifter) (Abyss:2)
  A spriggan (D:13)
  11 shadows
  10 wraiths
  9 ynoxinuls
  14 water elementals
  2 humans (shapeshifter)
  44 yaks
  A yak (shapeshifter) (D:14)
  5 hogs (D:12)
  15 small abominations
  21 tarantellas
  A wind drake skeleton (Crypt:2)
  2 hogs (shapeshifter)
  8 fire elementals
  23 large abominations
  A tyrant leech zombie (Crypt:3)
  4 basilisks
  7 chaos spawn
  9 neqoxecs
  An ice dragon skeleton (Crypt:3)
  3 steam dragons
  4 vampire mosquitoes (D:13)
  A yaktaur simulacrum (Vaults:1)
  A human simulacrum (Vaults:3)
  Edmund (D:6)
  7 hungry ghosts
  4 spatial vortices
  8 wargs
  2 insubstantial wisps (Abyss:2)
  A swamp worm (shapeshifter) (Elf:1)
  17 water moccasins
  A deep troll zombie (Crypt:1)
  10 hell hounds
  3 acid dragons
  A floating eye (shapeshifter) (Vaults:5)
  4 porcupines
  4 sky beasts
  A spiny frog zombie (Crypt:2)
  A monstrous demonspawn skeleton (Crypt:3)
  6 ice beasts
  A swamp drake (D:7)
  2 eyes of draining
  A sky beast (shapeshifter) (D:15)
  20 orc warriors
  2 hornet zombies
  2 black bears (shapeshifter)
  6 necrophages
  An ogre (shapeshifter) (Depths:1)
  14 boggarts
  2 phantoms
  31 centaurs
  49 ogres
  10 wolves
  A lindwurm skeleton (Crypt:2)
  A manticore skeleton (Crypt:2)
  7 big kobolds
  11 crocodiles
  Blork the orc (D:4)
  A draconian zombie (Crypt:1)
  14 bullfrogs
  A draconian skeleton (Crypt:1)
  A deep troll simulacrum (Vaults:2)
  3 earth elementals
  2 water moccasin zombies (Ossuary)
  2 wyvern zombies
  A spriggan zombie (Crypt:1)
  5 scorpions
  9 killer bees
  A killer bee (shapeshifter) (D:15)
  5 wights (D:11)
  3 howler monkeys
  An electric eel (Lair:5)
  9 crimson imps
  A bullfrog zombie (D:10)
  8 starcursed masses
  9 quasits
  3 hounds
  7 centaur skeletons
  A bullfrog skeleton (D:9)
  2 black bear skeletons (Crypt:3)
  5 iguanas
  3 iron imps
  4 jellies
  24 orc priests
  19 orc wizards
  10 worker ants
  2 killer bee zombies
  4 big kobold zombies (Ossuary)
  A naga skeleton (Crypt:2)
  4 hound skeletons
  2 mummies (Ossuary)
  A howler monkey zombie (D:5)
  3 worker ant zombies
  6 adders
  A steam dragon zombie (Crypt:3)
  3 shadow imps
  4 white imps
  7 ufetubi
  3 oozes
  4 adder zombies (Ossuary)
  2 worms
  A dart slug (shapeshifter) (Vaults:5)
  A dart slug (D:1)
  6 leopard geckos
  73 orcs
  9 giant cockroaches
  6 goblins
  4 hobgoblins
  13 jackals
  6 quokkas
  A ball python (D:8)
  15 bats
  8 frilled lizards
  A gnoll skeleton (Crypt:2)
  3 gnoll zombies (Ossuary)
  A hobgoblin skeleton (Crypt:1)
  5 hobgoblin zombies (Ossuary)
  37 kobolds
  5 kobold zombies (Ossuary)
  8 orc zombies (Ossuary)
  6 rats
  7 fungi
  42 plants
  13 starspawn tentacles
2800 creatures vanquished.

Vanquished Creatures (collateral kills)
  Kirke (D:12)
  A vault guard (Vaults:1)
2 creatures vanquished.

Vanquished Creatures (others)
  A great orb of eyes (Depths:4)
  A fire dragon (Depths:1)
  2 deep elf knights
  A shadow wraith (Vaults:2)
  A wretched star (Abyss:2)
  A wolf spider (Vaults:3)
  A torpor snail (Spider:4)
  A jumping spider (Spider:3)
  A hornet (Depths:4)
  3 redbacks (Spider:4)
  A spriggan (Depths:4)
  A large abomination (Abyss:4)
  A small abomination (Abyss:4)
  A bullfrog skeleton (D:12)
  A white imp (Abyss:2)
  A bush (Elf:1)
  4 fungi
  41 plants
  16 starspawn tentacles
80 creatures vanquished.

Grand Total: 2882 creatures vanquished

Notes
Turn   | Place    | Note
-------+----------+-------------------------------------------
     0 | D:1      | equalderp2856 the Minotaur Fighter began the quest for the Orb.
     0 | D:1      | Reached XP level 1. HP: 19/19 MP: 0/0
    37 | D:1      | Reached XP level 2. HP: 27/27 MP: 1/1
   270 | D:1      | Reached XP level 3. HP: 32/33 MP: 2/2
   788 | D:2      | Reached XP level 4. HP: 29/41 MP: 3/3
  1198 | D:2      | Found a sparkling altar of Nemelex Xobeh.
  1965 | D:3      | Reached skill level 5 in Shields
  1965 | D:3      | Reached XP level 5. HP: 44/47 MP: 4/4
  2379 | D:4      | Reached skill level 1 in Dodging
  2757 | D:4      | Noticed Blork the orc
  2771 | D:4      | Killed Blork the orc
  2771 | D:4      | Reached XP level 6. HP: 40/53 MP: 5/5
  2886 | D:4      | Noticed Grinder
  2886 | D:4      | Paralysed by Grinder for 7 turns
  2905 | D:5      | Entered Level 5 of the Dungeon
  3081 | D:5      | Reached skill level 5 in Axes
  3297 | D:4      | Paralysed by Grinder for 3 turns
  3306 | D:4      | Killed Grinder
  3306 | D:4      | Reached skill level 5 in Fighting
  3306 | D:4      | Reached skill level 5 in Armour
  3306 | D:4      | Reached XP level 7. HP: 61/61 MP: 6/6
  3330 | D:4      | Found a bloodstained altar of Trog.
  3647 | D:5      | Found a staircase to the Ecumenical Temple.
  4203 | D:6      | Reached XP level 8. HP: 53/69 MP: 7/7
  4361 | D:6      | Noticed Edmund
  4728 | D:6      | Got an ancient pewter ring
  4773 | D:6      | Identified the ring of Remaroa {rF+ MP+9} (You found it on level 6 of the Dungeon)
  4828 | D:6      | Killed Edmund
  4998 | D:6      | Noticed Prince Ribbit
  5762 | D:6      | Found a hazy altar of Hepliaklqana.
  5766 | D:6      | Found a sparkling altar of Nemelex Xobeh.
  5768 | D:6      | Found a shattered altar of Ashenzari.
  5769 | D:6      | Found a shadowy altar of Dithmenos.
  5771 | D:6      | Found a glowing silver altar of Zin.
  5838 | D:6      | Killed Prince Ribbit
  6557 | D:7      | Found a sand-covered staircase.
  6617 | D:7      | Reached XP level 9. HP: 62/75 MP: 8/8
  6632 | Ossuary  | Entered an ossuary
  7168 | D:7      | Reached skill level 1 in Evocations
  7373 | D:7      | Found a transporter.
  7577 | D:8      | Reached skill level 10 in Axes
  7880 | D:8      | Noticed Maurice
  8132 | D:7      | Reached skill level 1 in Stealth
  8313 | D:7      | Killed Maurice
  8573 | D:7      | Reached XP level 10. HP: 31/86 MP: 10/10
  9047 | D:8      | Found a staircase to the Lair.
  9232 | D:8      | Noticed Psyche
  9252 | D:8      | Killed Psyche
  9285 | D:8      | Noticed a two-headed ogre
  9297 | D:8      | Killed a two-headed ogre
  9454 | D:8      | Noticed Joseph
  9476 | D:8      | Killed Joseph
  9601 | D:8      | Found a deep blue altar of Sif Muna.
  9667 | D:8      | Found an ancient bone altar of Kikubaaqudgha.
  9870 | D:8      | Found a basalt altar of Yredelemnul.
  9945 | D:9      | Found Vumen's Gadget Shop.
 10058 | D:9      | Noticed a centaur warrior
 10071 | D:9      | Killed a centaur warrior
 10276 | D:9      | Noticed a two-headed ogre
 10286 | D:9      | Killed a two-headed ogre
 10897 | D:10     | Entered Level 10 of the Dungeon
 10897 | D:10     | Noticed Erica
 11009 | D:10     | Noticed a two-headed ogre
 11042 | D:9      | Reached XP level 11. HP: 73/94 MP: 12/12
 11154 | D:9      | Killed a two-headed ogre
 11154 | D:9      | Reached skill level 10 in Shields
 12461 | D:10     | Killed Erica
 12461 | D:10     | Reached skill level 10 in Armour
 13066 | Lair:1   | Entered Level 1 of the Lair of Beasts
 13293 | Lair:1   | Noticed a five-headed hydra
 13385 | D:8      | Killed a five-headed hydra
 14366 | Lair:1   | Identified a scroll of acquirement
 14633 | Lair:2   | Reached skill level 1 in Polearms
 14666 | Lair:2   | Found a labyrinth entrance.
 14680 | Lab      | Entered a labyrinth
 16033 | Lab      | Noticed a minotaur
 16038 | Lab      | Killed a minotaur
 16060 | Lab      | Got a twisted plate armour
 16061 | Lab      | Identified the +10 plate armour of the Armoured One {MP+9 Slay+2} (You took it off a minotaur in a labyrinth)
 16075 | Lab      | Identified the Papyrus of the Voyage
 16077 | Lab      | Got a diamond-encrusted chain mail
 16081 | Lab      | Identified the +1 chain mail "Nilo" {Int+5} (You found it in a labyrinth)
 17570 | Lair:2   | Reached XP level 12. HP: 84/104 MP: 13/13
 18430 | Lair:3   | Reached skill level 10 in Fighting
 18598 | Lair:3   | Noticed a catoblepas
 18616 | Lair:3   | Killed a catoblepas
 18674 | Lair:3   | Noticed an eight-headed hydra
 19044 | Lair:3   | Found a staircase to the Shoals.
 19532 | Lair:3   | Found a hole to the Spider Nest.
 20002 | Lair:4   | Reached skill level 15 in Axes
 20704 | Lair:5   | Noticed salinator123's ghost (journeyman MiBe)
 20779 | Lair:5   | Killed salinator123's ghost
 20779 | Lair:5   | Reached XP level 13. HP: 79/115 MP: 15/15
 21563 | Lair:6   | Entered Level 6 of the Lair of Beasts
 21565 | Lair:6   | Found a shattered altar of Ashenzari.
 22032 | Lair:5   | Got a polished great sword
 22033 | Lair:5   | Identified the +4 great sword of Qazlal's Wrath {distort, +Rage rN+ MP+9} (You found it on level 5 of the Lair of Beasts)
 22298 | Lair:6   | Found a staircase to the Slime Pits.
 22299 | Lair:6   | Found a viscous altar of Jiyva.
 22480 | Lair:6   | Noticed Mirai's ghost (journeyman KoEn)
 24173 | D:11     | Found an ornate altar of the Wu Jian Council.
 25174 | D:12     | Noticed Nessos
 25180 | D:12     | Killed Nessos
 25338 | D:12     | Reached XP level 14. HP: 110/127 MP: 16/16
 25346 | D:12     | Found a staircase to the Orcish Mines.
 25792 | D:12     | Noticed Kirke
 25843 | D:12     | Killed Kirke
 26573 | Orc:1    | Entered Level 1 of the Orcish Mines
 26862 | Orc:1    | Noticed Harold
 26873 | Orc:1    | Killed Harold
 26908 | Orc:1    | Noticed Fannar
 27227 | Orc:1    | Killed Fannar
 27560 | Orc:2    | Entered Level 2 of the Orcish Mines
 27589 | Orc:2    | Found Puxt's Magic Scroll Boutique.
 27894 | Orc:2    | Found Wipnus's Armour Shoppe.
 28271 | Orc:2    | Found Fiavif's Antique Weapon Shoppe.
 28275 | Orc:2    | Found Nyliq's Distillery.
 28433 | Orc:2    | Found a staircase to the Elven Halls.
 29179 | Orc:2    | Bought a potion of degeneration for 17 gold pieces
 29184 | Orc:2    | Bought a scroll of fog for 24 gold pieces
 29399 | Orc:2    | Bought a scroll of identify for 24 gold pieces
 29399 | Orc:2    | Bought a scroll of identify for 24 gold pieces
 29399 | Orc:2    | Bought a scroll of identify for 24 gold pieces
 29898 | D:13     | Reached XP level 15. HP: 84/136 MP: 17/17
 30117 | D:13     | Found a gate to the Vaults.
 30211 | D:13     | Reached skill level 15 in Shields
 30260 | D:12     | Reached skill level 5 in Dodging
 31848 | Lair:6   | Killed Mirai's ghost
 32093 | D:14     | Noticed PipsiMox's ghost (journeyman MiFi)
 32129 | D:14     | Killed PipsiMox's ghost
 33388 | D:15     | Entered Level 15 of the Dungeon
 34188 | D:15     | Reached XP level 16. HP: 128/147 MP: 18/18
 34255 | D:15     | Reached skill level 15 in Fighting
 36081 | D:15     | Found a staircase to the Depths.
 36102 | Depths:1 | Entered Level 1 of the Depths
 36584 | Depths:1 | Found a one-way gate to the infinite horrors of the Abyss.
 36753 | Depths:1 | Noticed a juggernaut
 38454 | Elf:1    | Entered Level 1 of the Elven Halls
 38938 | Elf:1    | Found Cicociow's Antique Armour Shoppe.
 39654 | Elf:1    | Reached skill level 15 in Armour
 41320 | Elf:1    | Reached XP level 17. HP: 119/158 MP: 19/19
 43730 | Elf:2    | Noticed Azrael
 43903 | Elf:2    | Killed Azrael
 43976 | Elf:2    | Found Jegge's Distillery.
 44315 | Elf:2    | Found a runed gate.
 44315 | Elf:2    | Found a runed gate.
 44315 | Elf:2    | Found a runed gate.
 44325 | Elf:2    | Noticed a deep elf blademaster
 44343 | Elf:2    | Killed a deep elf blademaster
 44504 | Elf:2    | Noticed Jorgrun
 44507 | Elf:2    | Reached skill level 5 in Evocations
 45763 | Spider:1 | Entered Level 1 of the Spider Nest
 46062 | Spider:1 | Got a coiled granite ring
 46074 | Spider:1 | Identified the ring "Bixaujec" {EV+1 Str+4 Int-3} (You found it on level 1 of the Spider Nest)
 49462 | Spider:4 | Entered Level 4 of the Spider Nest
 49487 | Spider:4 | Reached XP level 18. HP: 170/170 MP: 21/21
 51801 | Spider:4 | Got a gossamer rune of Zot
 52246 | Vaults:1 | Entered Level 1 of the Vaults
 54207 | Vaults:1 | Reached XP level 19. HP: 79/180 MP: 22/22
 55041 | Vaults:2 | Found Xuadiq's Assorted Antiques.
 55053 | Vaults:2 | Bought a scroll of teleportation for 72 gold pieces
 55053 | Vaults:2 | Bought a scroll of identify for 48 gold pieces
 55053 | Vaults:2 | Bought a shiny brass ring for 120 gold pieces
 55423 | Vaults:2 | Noticed Kairos's ghost (adept VSFi)
 55718 | Vaults:2 | Killed Kairos's ghost
 56570 | Vaults:2 | Found Tikh's Armour Shop.
 56866 | Vaults:2 | Found a staircase to the Crypt.
 57101 | Crypt:1  | Entered Level 1 of the Crypt
 57553 | Crypt:1  | Paralysed by fainting for 7 turns
 58714 | Crypt:2  | Reached XP level 20. HP: 77/192 MP: 23/23
 59279 | Crypt:3  | Entered Level 3 of the Crypt
 60940 | Crypt:3  | Found a staircase to the Tomb.
 61303 | Crypt:3  | Found an ancient bone altar of Kikubaaqudgha.
 62181 | Crypt:3  | Identified the Tome of Necromancy
 63667 | Vaults:3 | Reached XP level 21. HP: 165/202 MP: 24/24
 63747 | Vaults:3 | Found Odghodeb's Weapon Emporium.
 64277 | Vaults:3 | Noticed Aizul
 64474 | Vaults:3 | Killed Aizul
 64659 | Vaults:3 | You fall through a shaft!
 69165 | Lair:6   | Identified the cursed +1 triple sword "Giantslayer" {protect, -Tele rPois Int+4} (You found it on level 6 of the Lair of Beasts)
 69348 | Shoals:1 | Entered Level 1 of the Shoals
 70700 | Shoals:2 | Reached XP level 22. HP: 193/215 MP: 25/25
 72225 | Shoals:4 | Entered Level 4 of the Shoals
 74370 | Shoals:4 | Got a barnacled rune of Zot
 74414 | Shoals:4 | Noticed Ilsuiw
 74420 | Shoals:4 | Found Tibi's Assorted Antiques.
 75369 | Shoals:3 | Killed Ilsuiw
 77540 | Elf:2    | Killed Jorgrun
 78253 | Elf:3    | Entered Level 3 of the Elven Halls
 78258 | Elf:3    | Cast into level 3 of the Abyss (glaive of distortion)
 78347 | Abyss:3  | Gained mutation: You are somewhat resistant to further mutation. [a neqoxec]
 78589 | Elf:3    | Escaped the Abyss
 78596 | Elf:3    | Found an ancient bone altar of Kikubaaqudgha.
 79473 | Elf:3    | Reached XP level 23. HP: 176/227 MP: 26/26
 79533 | Elf:3    | Identified Isanuseb's Collected Works on Dislocated Clay
 79824 | Elf:3    | Identified the cursed +0 plate armour of Grace {+Fly rF- Dex+6} (You found it on level 3 of the Elven Halls)
 80788 | Depths:1 | Found a gateway to Hell.
 80824 | Depths:1 | Voluntarily entered the Abyss.
 80946 | Abyss:1  | Found a corrupted altar of Lugonu.
 81852 | Abyss:3  | Found a corrupted altar of Lugonu.
 81931 | Abyss:4  | Found a corrupted altar of Lugonu.
 81953 | Abyss:4  | Identified the +6 dire flail of Qerphuot {drain, Dex+5} (You found it on level 4 of the Abyss)
 82024 | Abyss:4  | Found a viscous altar of Jiyva.
 82277 | Abyss:4  | Paralysed by accursed screaming for 1 turns
 82283 | Abyss:4  | Paralysed by accursed screaming for 1 turns
 82311 | Abyss:4  | Identified the Grimoire of Damaging Envenoming
 82610 | Abyss:4  | HP: 8/229 [wretched star/orb of energy (17)]
 82713 | Depths:1 | Escaped the Abyss
 83138 | Depths:1 | Voluntarily entered the Abyss.
 83138 | Abyss:1  | Found a corrupted altar of Lugonu.
 83176 | Abyss:1  | Gained mutation: You do not regenerate when monsters are visible. [a neqoxec]
 83224 | Abyss:2  | Found a corrupted altar of Lugonu.
 83242 | Abyss:2  | Found a corrupted altar of Lugonu.
 83250 | Abyss:2  | Found a shimmering altar of Xom.
 83250 | Abyss:2  | Found a shimmering altar of Xom.
 83251 | Abyss:2  | Found a shimmering altar of Xom.
 83251 | Abyss:2  | Found a shimmering altar of Xom.
 83251 | Abyss:2  | Found a shimmering altar of Xom.
 83252 | Abyss:2  | Found a shimmering altar of Xom.
 83252 | Abyss:2  | Found a shimmering altar of Xom.
 83252 | Abyss:2  | Found a shimmering altar of Xom.
 83252 | Abyss:2  | Found a shimmering altar of Xom.
 83253 | Abyss:2  | Found a shimmering altar of Xom.
 83253 | Abyss:2  | Found a corrupted altar of Lugonu.
 83263 | Abyss:2  | Found a corrupted altar of Lugonu.
 83265 | Abyss:2  | Found a shimmering altar of Xom.
 83265 | Abyss:2  | Found a shimmering altar of Xom.
 83265 | Abyss:2  | Found a shimmering altar of Xom.
 83266 | Abyss:2  | Found a shimmering altar of Xom.
 83266 | Abyss:2  | Found a shimmering altar of Xom.
 83266 | Abyss:2  | Found a shimmering altar of Xom.
 83266 | Abyss:2  | Found a shimmering altar of Xom.
 83267 | Abyss:2  | Found a shimmering altar of Xom.
 83293 | Depths:1 | Escaped the Abyss
 83466 | Lair:1   | Lost mutation: You do not regenerate when monsters are visible. [potion of mutation]
 83466 | Lair:1   | Lost mutation: You are somewhat resistant to further mutation. [potion of mutation]
 83466 | Lair:1   | Gained mutation: You are resistant to electric shocks. (rElec) [potion of mutation]
 83466 | Lair:1   | Gained mutation: You passively map a small area around you. [potion of mutation]
 83467 | Lair:1   | Lost mutation: You passively map a small area around you. [potion of mutation]
 83467 | Lair:1   | Gained mutation: You have a pair of large horns on your head. [potion of mutation]
 83467 | Lair:1   | Gained mutation: You are partially covered in iridescent scales. (AC +2) [potion of mutation]
 83515 | Lair:1   | Learned a level 1 spell: Apportation
 83518 | Lair:1   | Learned a level 2 spell: Blink
 83521 | Lair:1   | Learned a level 2 spell: Passwall
 83524 | Lair:1   | Learned a level 2 spell: Swiftness
 83528 | Lair:1   | Learned a level 3 spell: Lesser Beckoning
 83533 | Lair:1   | Learned a level 4 spell: Force Lance
 83538 | Lair:1   | Learned a level 4 spell: Passage of Golubria
 83986 | Elf:3    | Got a scorched wooden ring
 84034 | Elf:3    | Identified the ring of Happiness {rElec MP+9 Str+5 Int+6} (You took it off a deep elf death mage on level 3 of the Elven Halls)
 84616 | Elf:3    | Got a twitching steel ring
 84629 | Elf:3    | Identified the ring of Ashenzari's Wrath {rF+ rN++ Str+3 Dex-5 Stlth+} (You found it on level 3 of the Elven Halls)
 85284 | Depths:1 | Found a runed door.
 85424 | Depths:1 | Reached XP level 24. HP: 104/238 MP: 26/26
 85431 | Depths:1 | Reached skill level 1 in Spellcasting
 85795 | Depths:1 | Reached skill level 1 in Translocations
 86643 | Depths:2 | Found Piro's Gadget Emporium.
 86644 | Depths:2 | Found a gateway to a ziggurat.
 88946 | Depths:3 | Found a one-way gate leading to the halls of Pandemonium.
 90284 | Depths:4 | Found an iron altar of Okawaru.
 90681 | Depths:4 | Reached XP level 25. HP: 201/248 MP: 28/28
 90939 | Depths:4 | Noticed Mara
 90943 | Depths:4 | Noticed equalderp2856's illusion
 90980 | Depths:4 | Noticed equalderp2856's illusion
 90983 | Depths:4 | Killed Mara
 91510 | Depths:5 | Entered Level 5 of the Depths
 91937 | Depths:5 | Reached skill level 5 in Translocations
 92417 | Depths:5 | Reached skill level 5 in Spellcasting
 93237 | Depths:5 | Found a gate to the Realm of Zot.
 93751 | Vaults:5 | Entered Level 5 of the Vaults
 93936 | Vaults:5 | Noticed Boris
 94870 | Vaults:5 | Reached XP level 26. HP: 172/260 MP: 31/31
 95563 | Vaults:5 | Reached skill level 27 in Axes
 96208 | Vaults:5 | Noticed an ancient lich
 96228 | Vaults:5 | Killed an ancient lich
 96840 | Vaults:5 | Got a silver rune of Zot
 96898 | Vaults:5 | Identified the +0 broad axe "Asokurr" {chop, *Rage Str+3 Dex+6 SInv} (You found it on level 5 of the Vaults)
 96914 | Vaults:5 | Identified the Reference Book on Supportive Malediction
 97147 | Vaults:5 | Identified the Grimoire of Shape Shifting and the Rocks
 97683 | Zot:1    | Entered Level 1 of the Realm of Zot
 99406 | Zot:1    | Noticed an orb of fire
 99406 | Zot:1    | Gained mutation: You can translocate small distances at will. [an orb of fire]
 99420 | Zot:1    | Killed an orb of fire
100260 | Zot:2    | Reached skill level 10 in Spellcasting
100760 | Zot:2    | Reached XP level 27. HP: 259/270 MP: 36/36
101958 | Zot:3    | Reached skill level 27 in Shields
102715 | Zot:4    | Noticed an orb of fire
102723 | Zot:4    | Gained mutation: You occasionally shout uncontrollably at your foes. [an orb of fire]
102726 | Zot:4    | Gained mutation: Your spells are a little easier to cast, but a little less powerful. [an orb of fire]
102731 | Zot:4    | Gained mutation: You are dopey. (Int -2) [an orb of fire]
102738 | Zot:4    | Killed an orb of fire
102738 | Zot:4    | Reached skill level 27 in Fighting
103143 | Zot:3    | Lost mutation: You have a pair of large horns on your head. [potion of mutation]
103143 | Zot:3    | Lost mutation: You occasionally shout uncontrollably at your foes. [potion of mutation]
103143 | Zot:3    | Lost mutation: Your spells are a little easier to cast, but a little less powerful. [potion of mutation]
103143 | Zot:3    | Gained mutation: Your spells are a little harder to cast, but a little more powerful. [potion of mutation]
103143 | Zot:3    | Gained mutation: You are partially covered in large bone plates. (SH +4) [potion of mutation]
103143 | Zot:3    | Gained mutation: You have sharp fingernails. [potion of mutation]
106147 | Zot:5    | Entered Level 5 of the Realm of Zot
106451 | Zot:5    | Found a huge runed gate.
106451 | Zot:5    | Found a huge runed gate.
106451 | Zot:5    | Found a huge runed gate.
106451 | Zot:5    | Found a huge runed gate.
106451 | Zot:5    | Found a huge runed gate.
106451 | Zot:5    | Found a huge runed gate.
106451 | Zot:5    | Found a huge runed gate.
106452 | Zot:5    | Found a huge runed gate.
106453 | Zot:5    | Found a huge runed gate.
106454 | Zot:5    | Found a huge runed gate.
106921 | Zot:5    | Noticed an orb of fire
107359 | Zot:5    | Gained mutation: Scrolls take you a little longer to read. [an orb of fire]
107375 | Zot:5    | Killed an orb of fire
107383 | Zot:5    | Lost mutation: You can translocate small distances at will. [potion of mutation]
107383 | Zot:5    | Lost mutation: You are dopey. (Int -2) [potion of mutation]
107383 | Zot:5    | Lost mutation: You are partially covered in iridescent scales. (AC +2) [potion of mutation]
107383 | Zot:5    | Lost mutation: Scrolls take you a little longer to read. [potion of mutation]
107383 | Zot:5    | Gained mutation: You expend magic power (3 MP) to strengthen your wands. [potion of mutation]
107383 | Zot:5    | Gained mutation: You have a pair of large horns on your head. [potion of mutation]
107383 | Zot:5    | Gained mutation: Your flesh is heat resistant. (rF+) [potion of mutation]
107777 | Zot:5    | Noticed an orb of fire
108022 | Zot:5    | Noticed an orb of fire
108022 | Zot:5    | Noticed an orb of fire
108022 | Zot:5    | Noticed an orb of fire
108022 | Zot:5    | Noticed an orb of fire
108022 | Zot:5    | Noticed an ancient lich
108023 | Zot:5    | Noticed an ancient lich
108033 | Zot:5    | Gained mutation: Your body sometimes deteriorates upon taking damage. [an orb of fire]
108038 | Zot:4    | Gained mutation: Your magical capacity is low. (-10% MP) [an orb of fire]
108038 | Zot:4    | Lost mutation: Your spells are a little harder to cast, but a little more powerful. [an orb of fire]
108041 | Zot:4    | Gained mutation: You evolve. [an orb of fire]
108804 | Zot:4    | Lost mutation: You evolve. [potion of mutation]
108804 | Zot:4    | Lost mutation: Your body sometimes deteriorates upon taking damage. [potion of mutation]
108804 | Zot:4    | Gained mutation: Your system is resistant to poisons. (rPois) [potion of mutation]
108804 | Zot:4    | Gained mutation: Your mind is acute. (Int +2) [potion of mutation]
108819 | Zot:4    | Killed an ancient lich
108834 | Zot:3    | Gained mutation: Your magical capacity is very low. (-20% MP) [an orb of fire]
108840 | Zot:3    | Killed an orb of fire
109039 | Zot:4    | Gained mutation: Your magical capacity is extremely low. (-30% MP) [an orb of fire]
109041 | Zot:4    | Gained mutation: You are agile. (Dex +2) [an orb of fire]
109046 | Zot:4    | Killed an orb of fire
109201 | Zot:4    | Gained mutation: Scrolls take you a little longer to read. [an orb of fire]
109210 | Zot:4    | Gained mutation: You tend to lose your temper in combat. [an orb of fire]
109215 | Zot:4    | Killed an orb of fire
109790 | Zot:5    | Lost mutation: Your mind is acute. (Int +2) [an orb of fire]
109802 | Zot:4    | Gained mutation: Armour fits poorly on your strangely shaped body. [an orb of fire]
109808 | Zot:4    | Killed an orb of fire
109947 | Zot:4    | Lost mutation: Scrolls take you a little longer to read. [potion of mutation]
109947 | Zot:4    | Lost mutation: Armour fits poorly on your strangely shaped body. [potion of mutation]
109947 | Zot:4    | Lost mutation: You are agile. (Dex +2) [potion of mutation]
109947 | Zot:4    | Lost mutation: Your magical capacity is extremely low. (-30% MP) [potion of mutation]
109947 | Zot:4    | Gained mutation: You are weak. (Str -2) [potion of mutation]
109947 | Zot:4    | Lost mutation: You are weak. (Str -2) [potion of mutation]
109947 | Zot:4    | Gained mutation: Your mind is acute. (Int +2) [potion of mutation]
110193 | Zot:5    | Noticed an orb of fire
110205 | Zot:5    | Gained mutation: Armour fits poorly on your strangely shaped body. [an orb of fire]
110215 | Zot:5    | Killed an orb of fire
110226 | Zot:5    | Lost mutation: Your magical capacity is very low. (-20% MP) [potion of mutation]
110226 | Zot:5    | Lost mutation: Armour fits poorly on your strangely shaped body. [potion of mutation]
110226 | Zot:5    | Lost mutation: Your magical capacity is low. (-10% MP) [potion of mutation]
110226 | Zot:5    | Lost mutation: Your mind is acute. (Int +2) [potion of mutation]
110226 | Zot:5    | Gained mutation: Armour fits poorly on your strangely shaped body. [potion of mutation]
110226 | Zot:5    | Gained mutation: You passively map a small area around you. [potion of mutation]
110227 | Zot:5    | Lost mutation: You passively map a small area around you. [potion of mutation]
110227 | Zot:5    | Lost mutation: You expend magic power (3 MP) to strengthen your wands. [potion of mutation]
110227 | Zot:5    | Lost mutation: Armour fits poorly on your strangely shaped body. [potion of mutation]
110227 | Zot:5    | Gained mutation: Armour fits poorly on your strangely shaped body. [potion of mutation]
110227 | Zot:5    | Gained mutation: You are resistant to hostile enchantments. (MR+) [potion of mutation]
110227 | Zot:5    | Gained mutation: Your flesh is very heat resistant. (rF++) [potion of mutation]
110799 | Zot:1    | Lost mutation: Armour fits poorly on your strangely shaped body. [potion of mutation]
110799 | Zot:1    | Lost mutation: You are resistant to hostile enchantments. (MR+) [potion of mutation]
110799 | Zot:1    | Gained mutation: You are dopey. (Int -2) [potion of mutation]
110799 | Zot:1    | Gained mutation: You are weak. (Str -2) [potion of mutation]
110799 | Zot:1    | Gained mutation: Your natural rate of healing is unusually fast. [potion of mutation]
110801 | Zot:1    | Lost mutation: Your flesh is very heat resistant. (rF++) [potion of mutation]
110801 | Zot:1    | Lost mutation: You are dopey. (Int -2) [potion of mutation]
110801 | Zot:1    | Lost mutation: Your flesh is heat resistant. (rF+) [potion of mutation]
110801 | Zot:1    | Lost mutation: You tend to lose your temper in combat. [potion of mutation]
110801 | Zot:1    | Gained mutation: Your flesh is cold resistant. (rC+) [potion of mutation]
110801 | Zot:1    | Lost mutation: You are weak. (Str -2) [potion of mutation]
110801 | Zot:1    | Gained mutation: You are partially covered in icy blue scales. (AC +2) [potion of mutation]
111004 | Zot:5    | Gained mutation: You have sharp toenails. [an orb of fire]
111329 | Zot:4    | Killed an orb of fire
111790 | Zot:5    | Noticed an orb of fire
111791 | Zot:5    | Gained mutation: Scrolls take you a little longer to read. [an orb of fire]
111800 | Zot:5    | Gained mutation: Scrolls take you longer to read. [an orb of fire]
112087 | Zot:5    | Gained mutation: You are clumsy. (Dex -2) [an orb of fire]
112088 | Zot:5    | Lost mutation: Your system is resistant to poisons. (rPois) [an orb of fire]
112091 | Zot:5    | Gained mutation: Your magical capacity is low. (-10% MP) [an orb of fire]
112097 | Zot:5    | Killed an orb of fire
112278 | Zot:5    | Noticed an ancient lich
112289 | Zot:5    | Killed an ancient lich
112375 | Zot:5    | Killed an ancient lich
112766 | Zot:5    | Noticed an orb of fire
112926 | Zot:5    | HP: 5/273 [acid (14)]
112931 | Zot:5    | Lost mutation: Scrolls take you longer to read. [an orb of fire]
112943 | Zot:5    | HP: 8/273 [orb of fire/bolt of fire (29)]
112946 | Zot:5    | Splashed by a yellow draconian's acid

Skill      XL: |  1  2  3  4  5  6  7  8  9 10 11 12 13 14 15 16 17 18 19 20 21 22 23 24 25 26 27 |
---------------+----------------------------------------------------------------------------------+-----
Shields        | 4 5 6 7 8 9 10 12 13 14 16 17 18 20 21 22 23 24 25 26 27 | 27.0
Fighting       | 4 5 6 7 9 10 12 13 14 16 17 18 19 20 21 23 24 25 26 27 | 27.0
Armour         | 4 5 7 8 9 10 11 12 13 14 15 16 17 18 19 20 25 | 25.5
Axes           | 3 4 6 7 8 10 12 13 15 16 18 19 20 21 22 23 24 25 26 27 | 27.0
Dodging        | 1 2 4 5 6 7 9 |  9.7
Evocations     | 2 3 4 5 8 |  8.6
Stealth        | 1 3 |  3.0
Polearms       | 1 2 |  2.3
Spellcasting   | 4 6 10 13 | 13.8
Translocations | 4 5 |  5.0
Unarmed Combat | |  0.1

Action                   |  1- 3 |  4- 6 |  7- 9 | 10-12 | 13-15 | 16-18 | 19-21 | 22-24 | 25-27 || total
-------------------------+-------+-------+-------+-------+-------+-------+-------+-------+-------++-------
Melee: War axe           |    63 |   181 |   330 |   620 |   200 |   386 |       |       |       ||  1780
       Headbutt          |     9 |    26 |    73 |   161 |   361 |   392 |   440 |   512 |   493 ||  2467
       Trident           |       |       |       |     8 |    27 |       |       |       |       ||    35
       Broad axe         |       |       |       |       |   995 |  1093 |  1575 |  2031 |  1657 ||  7351
       Unarmed           |       |       |       |       |     8 |       |       |       |       ||     8
 Cast: Blink             |       |       |       |       |       |       |       |       |    10 ||    10
       Apportation       |       |       |       |       |       |       |       |       |     2 ||     2
 Abil: Evoke Berserk Rag |       |       |     1 |       |       |       |       |       |     1 ||     2
       Evoke Flight      |       |       |       |       |       |       |       |     1 |       ||     1
Evoke: Wand              |       |       |     3 |    34 |    20 |    18 |     3 |     3 |    21 ||   102
       Box of beasts     |       |       |       |       |     2 |       |       |       |       ||     2
       Lightning rod     |       |       |       |       |       |    10 |     1 |       |     1 ||    12
       Phial of floods   |       |       |       |       |       |     3 |       |     1 |     1 ||     5
       Lamp of fire      |       |       |       |       |       |       |       |     2 |     1 ||     3
       Phantom mirror    |       |       |       |       |       |       |       |       |     1 ||     1
  Use: Scroll            |       |       |     5 |    23 |    10 |    13 |    10 |    18 |    11 ||    90
       Potion            |       |       |     1 |       |     2 |     7 |     5 |    10 |    26 ||    51
 Stab: Paralysed         |       |       |       |    14 |       |       |       |     1 |       ||    15
       Petrified         |       |       |       |     3 |       |       |       |       |       ||     3
       Distracted        |       |       |       |       |       |     1 |     1 |       |     1 ||     3
       Held in net/web   |       |       |       |       |       |     1 |       |       |       ||     1
       Confused          |       |       |       |       |       |       |       |       |     1 ||     1
  Eat: Chunk             |       |     7 |    11 |    14 |    21 |    20 |    11 |    16 |    10 ||   110
       Ration            |       |       |     2 |     7 |     7 |    13 |    14 |    15 |    19 ||    77
Armor: Scale mail        |    50 |    94 |    72 |       |       |       |       |       |       ||   216
       Plate armour      |       |       |     8 |   293 |   706 |   763 |   749 |  1028 |   863 ||  4410
Dodge: Dodged            |    37 |    63 |   113 |   178 |   413 |   412 |   377 |   640 |   498 ||  2731
Block: Shield            |    48 |   116 |   189 |   409 |   909 |  1144 |  1102 |  1213 |  1495 ||  6625
